 Dungeon Crawl Stone Soup version bcrawl-1.40.3b (webtiles) character file.

Game seed: 4442622017030183350

129369 rumpelstilzz the Grasshopper (level 5, -2/50 HPs)
             Began as a Troll Warper on Feb 26, 2024.
             Was an Initiate of Qazlal.
             Killed by nerve-wracking pain
             ... invoked by a shadow imp
              (14 damage)
             ... on level 4 of the Dungeon.
             The game lasted 00:06:49 (3166 turns).

rumpelstilzz the Grasshopper (Troll Warper)         Turns: 3166, Time: 00:06:50

Health: -2/50      AC: 10    Str: 19    XL:     5   Next: 33%
Magic:  6/6        EV: 10    Int: 10    God:    Qazlal [......]
Gold:   154        SH:  0    Dex: 10    Spells: 6/7 levels left

rFire    . . .     GDR:     26% a - +1 club
rCold    . . .     SeeInvis .   (no shield)
rNeg     . . .     Gourm    +   (armour unavailable)
rPois    .         Faith    .   (helmet restricted)
rElec    .         Spirit   .   k - scarf {repulsion}
rCorr    .         Reflect  .   (gloves unavailable)
MR       .....                  (boots unavailable)
Stlth    +.........             v - amulet of the acrobat
HPRegen  0.58/turn              u - +4 ring of protection
MPRegen  0.10/turn              (no ring)

@: repel missiles
A: large, almost no armour, claws 3, fast metabolism 3, gourmand, regeneration
1, AC +6
a: Renounce Religion


You were on level 4 of the Dungeon.
You worshipped Qazlal.
Qazlal was noncommittal.
You were full.

You visited 1 branch of the dungeon, and saw 4 of its levels.

You collected 154 gold pieces.

Inventory:

Hand Weapons
 a - a +1 club (weapon)
Missiles
 d - 84 large rocks (quivered)
 f - 2 throwing nets {=f}
 g - 473 stones
Armour
 k - a scarf of repulsion (worn)
Jewellery
 u - a +4 ring of protection (left claw)
 v - an amulet of the acrobat (around neck)
Scrolls
 b - 2 scrolls of remove curse
 c - a scroll of blinking
 i - 3 scrolls of identify
 m - 2 scrolls of teleportation
Potions
 h - a potion of haste {unknown}
 j - 2 potions of resistance
 n - 2 potions of curing {unknown}
 p - a potion of brilliance {unknown}
 q - a potion of agility {unknown}
 r - a potion of flight {unknown}
 t - 2 potions of lignification {unknown}
 x - a potion of degeneration {unknown}
 z - a potion of berserk rage {unknown}
Comestibles
 e - 7 rations {!d}


   Skills:
 + Level 2.3 Fighting
 + Level 2.6 Maces & Flails
 + Level 2.3 Throwing
 + Level 2.3 Dodging
 + Level 0.2 Stealth
 + Level 1.6 Spellcasting
 + Level 2.7 Translocations


You had 6 spell levels left.
You knew the following spells:

 Your Spells              Type           Power        Failure   Level  Hunger
a - Blink Other           Tloc           #.....       11%         1    None

Your spell library contained the following spells:

 Spells                   Type           Power        Failure   Level  Hunger
 Apportation              Tloc           #.....       11%         1    None
 Blink                    Tloc           N/A          16%         2    ###....
 Portal Projectile        Tloc           #.....       30%         3    #####..
 Teleport Other           Tloc           #.......     30%         3    #####..
 Passage of Golubria      Tloc           N/A          96%         5    #######


Dungeon Overview and Level Annotations

Branches:
Dungeon (4/12)
 Temple: D:4-7

Altars:
Hepliaklqana
Lugonu
Qazlal
Trog
Wu Jian
Zin
Beogh

Annotations:
D:3 3 runed translucent doors, rumpelstilzz's ghost, weakling TrWr


Innate Abilities, Weirdness & Mutations

You cannot wear most types of armour.
Your thick skin is tough. (AC +6)
You are too large for most types of armour.
You have claws for hands.
Your metabolism is lightning-fast.
You like to eat raw meat.
Your natural rate of healing is unusually fast.


Message History

You miss the crimson imp.
The crimson imp is heavily wounded.
The shadow imp hits you.
The crimson imp disappears for a moment.
The crimson imp breathes fire at you. The flame tongue hits you.
* * * LOW HITPOINT WARNING * * *
The shadow imp gestures at you.
You barely resist. You hit the crimson imp.
The crimson imp is heavily wounded.
The crimson imp hits you but does no damage.
The shadow imp barely misses you.
You closely miss the crimson imp.
The crimson imp is moderately wounded.
The crimson imp hits you.
* * * LOW HITPOINT WARNING * * *
The shadow imp gestures at you. Pain shoots through your body!
You die...

.# #.# *,, .# **#.# **##* ###..
.# *,..#############...# #.... .#
*,#.#...........#'#.# ***#....
.###,#.#...........'_'.# *,,+....
...[,#.#...........#'#.# *,*#....
####*#.#...............#**,**#...
...###.#................,,,* #...
##.....#...!....@5......***###..#
.......'.........5......,,,......
..######................,,,.....#
########################***###.*#
..........# #,*#
..........##################*#.##
..........'.................,..##
..........##.#######.#########.##
..........##.# #..........##..#


You could see a crimson imp and a shadow imp.

Vanquished Creatures
  A hound (D:4)
  A worker ant (D:3)
  5 adders
  4 worms
  2 dart slugs (D:1)
  5 leopard geckos
  An orc (D:4)
  A giant cockroach (D:2)
  8 goblins
  8 hobgoblins
  8 kobolds
  3 quokkas
  2 ball pythons
  4 bats
  5 frilled lizards (D:2)
  A quokka skeleton (D:4)
  9 rats
68 creatures vanquished.

Notes
Turn   | Place    | Note
-------+----------+-------------------------------------------
     0 | D:1      | rumpelstilzz the Troll Warper began the quest for the Orb.
     0 | D:1      | Reached XP level 1. HP: 19/19 MP: 2/2
   327 | D:1      | Reached XP level 2. HP: 14/27 MP: 3/3
   722 | D:1      | Reached XP level 3. HP: 35/35 MP: 4/4
  1150 | D:2      | Found a bloodstained altar of Trog.
  1328 | D:2      | Found an ornate altar of the Wu Jian Council.
  1439 | D:2      | Found a corrupted altar of Lugonu.
  1440 | D:2      | Found a hazy altar of Hepliaklqana.
  1441 | D:2      | Found a stormy altar of Qazlal.
  1459 | D:2      | Became a worshipper of Qazlal Stormbringer
  1574 | D:2      | HP: 1/35 [worm (5)]
  1992 | D:2      | Reached skill level 1 in Maces & Flails
  1992 | D:2      | Gained mutation: Your natural rate of healing is unusually
                  | fast. [Troll growth]
  1992 | D:2      | Reached XP level 4. HP: 40/42 MP: 5/5
  2240 | D:3      | Found a runed translucent gate.
  2240 | D:3      | Found a runed translucent gate.
  2240 | D:3      | Found a runed translucent gate.
  2241 | D:3      | Found a roughly hewn altar of Beogh.
  2241 | D:3      | Noticed rumpelstilzz's ghost (weakling TrWr)
  2736 | D:4      | Reached XP level 5. HP: 49/49 MP: 6/6
  3080 | D:4      | Found a glowing silver altar of Zin.
  3166 | D:4      | Killed from afar by a shadow imp

Skill      XL: |  1  2  3  4 |
---------------+-------------+-----
Throwing       | 2 |  2.3
Fighting       | 2 |  2.3
Dodging        | 2 |  2.3
Maces & Flails | 1 2 |  2.6
Stealth        | |  0.2
Spellcasting   | |  1.6
Translocations | |  2.7

Action                   |  1- 3 |  4- 6 || total
-------------------------+-------+-------++-------
Melee: Dagger            |    75 |       ||    75
       Club              |   184 |   146 ||   330
Throw: Large rock        |     2 |    14 ||    16
  Use: Scroll            |       |     7 ||     7
 Stab: Sleeping          |       |     1 ||     1
  Eat: Chunk             |    25 |    10 ||    35
Armor: Skin              |    88 |   101 ||   189
Dodge: Dodged            |   144 |    96 ||   240
       Deflected         |       |     2 ||     2
